CAROLINA Hurricanes vs MONTREAL Canadiens

Created - 9 avril 2024 at 17:30

Goals
1 2 3 T
CAROLINA Hurricanes 0 4 1 5
MONTREAL Canadiens 0 1 1 2
Shots
1 2 3 T
CAROLINA Hurricanes 11 17 8 36
MONTREAL Canadiens 6 3 9 18

1st period

No Goal

Penalties :
Mike Matheson (MTL) for Cross-checking (Minor) at 13:51, Noah Dobson (MTL) for Roughing (Minor) at 17:17, Travis Konecny (CAR) for Tripping (Minor) at 17:17

2nd period

1. CAROLINA Hurricanes , Lars Eller 10 (Adam Fox 74, Brandon Montour 25) at 3:57
2. CAROLINA Hurricanes , Brandon Montour 14 (Travis Konecny 20) at 6:00 (PP)
3. CAROLINA Hurricanes , Brady Tkachuk 17 (William Nylander 30, Adam Fox 75) at 6:29
4. MONTREAL Canadiens , Phillip Danault 33 (Marc-Edouard Vlasic 48, Anthony Mantha 23) at 7:01
5. CAROLINA Hurricanes , William Nylander 25 (Brady Tkachuk 25, Kris Letang 26) at 17:02

Penalties :
Jeremy Lauzon (MTL) for Roughing (Minor) at 5:23, Zach Parise (MTL) for Roughing (Minor) at 8:07, Phillip Danault (MTL) for Holding Stick (Minor) at 11:55, Mika Zibanejad (CAR) for Interference (Minor) at 13:45, Noah Dobson (MTL) for Interference (Minor) at 17:31

3rd period

6. MONTREAL Canadiens , Alexis Lafrenière 11 (Michael Amadio 12, Nicolas Roy 29) at 7:32
7. CAROLINA Hurricanes , Elias Pettersson 31 (Adam Fox 76) at 9:16

Penalties :
Elias Pettersson (CAR) for High sticking (Minor) at 0:21, David Savard (MTL) for Slashing (Minor) at 3:09, Filip Forsberg (CAR) for Holding (Minor) at 9:36, Jeremy Lauzon (MTL) for Roughing (Double Minor) at 12:11, David Perron (CAR) for Delaying the game (Minor) at 16:16

Goalie Stats

Alexandar Georgiev (CAR), 16 saves from 18 shots - (0,889), W, 43-27-5, 60:00 minutes
Jordan Binnington (MTL), 31 saves from 36 shots - (0,861), L, 45-25-2, 60:00 minutes

Players Stats for CAROLINA Hurricanes

Player Name              G  A  P  +/- PIM S  H  SB GA TA FO     MP     PP MP  PK MP  
------------------------------------------------------------------------------------
Adam Fox                 0  3  3   3  0   4  2  4  0  0  0/0    26:07   6:24   4:02 
Blake Lizotte            0  0  0   0  0   0  0  0  0  0  5/6     5:47   0:00   0:00 
Brady Tkachuk            1  1  2   2  0   5  1  0  0  0  1/1    20:26   7:10   4:28 
Brandon Montour          1  1  2   3  0   3  5  0  0  0  0/0    22:13   6:24   0:08 
David Perron             0  0  0   0  2   0  0  0  0  0  0/2    11:29   1:04   1:17 
Derek Ryan               0  0  0   0  0   0  0  0  0  0  0/0     7:29   0:00   1:42 
Devon Toews              0  0  0   0  0   1  1  1  0  0  0/0    23:30   7:58   4:02 
Elias Pettersson         1  0  1   0  2   10 0  0  0  0  1/2    20:08   7:12   0:00 
Filip Forsberg           0  0  0   0  2   0  0  0  0  0  1/1    11:17   0:00   1:29 
Kris Letang              0  1  1   0  0   0  2  3  0  0  0/0    23:05   7:58   3:37 
Lars Eller               1  0  1   0  0   3  0  0  0  0  4/9    10:42   0:00   1:42 
Mika Zibanejad           0  0  0   0  2   2  0  1  0  0  19/35  24:07   7:11   3:41 
Nazem Kadri              0  0  0   2  0   3  1  0  0  0  11/22  17:08   7:10   1:07 
Niko Mikkola             0  0  0  -1  0   0  1  0  0  0  0/0    10:40   0:00   0:00 
Noah Cates               0  0  0   0  0   0  0  0  0  0  0/0     5:47   0:00   0:00 
Rasmus Ristolainen       0  0  0  -1  0   1  0  0  0  0  0/0    14:25   0:00   3:45 
Travis Konecny           0  1  1   0  2   3  2  0  0  0  1/2    18:13   6:06   0:00 
William Nylander         1  1  2   2  0   1  2  0  0  0  0/0    17:27   7:12   0:08 

Players Stats for MONTREAL Canadiens

Player Name              G  A  P  +/- PIM S  H  SB GA TA FO     MP     PP MP  PK MP  
------------------------------------------------------------------------------------
Alexis Lafrenière        1  0  1   0  0   3  0  0  0  0  1/3     6:56   0:00   1:26 
Anthony Beauvillier      0  0  0  -2  0   1  1  0  0  0  1/1    22:24   3:50   4:39 
Anthony Mantha           0  1  1   1  0   1  1  0  0  0  0/1     9:14   0:00   0:00 
Arthur Kaliyev           0  0  0  -1  0   0  0  0  0  0  0/1     7:04   0:00   0:00 
Cole Caufield            0  0  0  -2  0   2  1  0  0  0  1/1    19:21   3:50   0:00 
David Savard             0  0  0   1  2   1  4  3  0  0  0/0    22:57   3:17   7:07 
Jeremy Lauzon            0  0  0  -1  6   0  2  0  0  0  0/0    15:08   0:00   4:32 
Joe Veleno               0  0  0  -1  0   2  0  0  0  0  6/8    11:58   0:00   4:54 
Marc-Edouard Vlasic      0  1  1   1  0   0  0  3  0  0  0/0    24:14   3:17   7:53 
Marco Scandella          0  0  0  -1  0   0  0  0  0  0  0/0    19:24   0:00   7:37 
Michael Amadio           0  1  1   0  0   0  0  0  0  0  0/0     5:30   0:00   0:00 
Mike Matheson            0  0  0  -2  2   1  2  0  0  0  0/0    20:13   4:30   1:35 
Nicolas Roy              0  1  1   0  0   1  4  0  0  0  4/12   19:42   3:57   9:43 
Noah Dobson              0  0  0  -2  4   3  0  1  0  0  0/0    17:58   4:30   0:00 
Phillip Danault          1  0  1   1  2   1  4  0  0  0  12/31  21:44   3:57   8:02 
Pierre-Luc Dubois        0  0  0  -2  0   2  3  0  0  0  12/21  19:21   3:50   0:00 
William Carrier          0  0  0  -1  0   0  0  0  0  0  0/0     7:04   0:00   0:00 
Zach Parise              0  0  0   1  2   0  2  0  0  0  0/1    13:10   3:57   0:00 

3 Stars

1 - Brandon Montour (CAR)
2 - Adam Fox (CAR)
3 - William Nylander (CAR)

Power Play

CAROLINA Hurricanes - 1 on 8 Attempt(s) - 12,50%
MONTREAL Canadiens - 0 on 4 Attempt(s) - 0,00%

Penalty Kill

CAROLINA Hurricanes - 4 on 4 Attempt(s) - 100,00% - Score 0 goal in Penalty Kill
MONTREAL Canadiens - 7 on 8 Attempt(s) - 87,50% - Score 0 goal in Penalty Kill

Team Stat

CAROLINA Hurricanes - Hits : 17 - Faceoff Wins : 43 - Blocked Shots : 9 - Penalty Minutes : 10
MONTREAL Canadiens - Hits : 24 - Faceoff Wins : 37 - Blocked Shots : 7 - Penalty Minutes : 18

Official

Referees : Justin Kea and Lacey Senuk
Linesman : Lisa Linnek and Trent Knorr

Game Notes

No Game Note

Finance

Level 1 -- Attendance: 6300 (100,00%) -- Ticket Income $504,000
Level 2 -- Attendance: 5351 (86,31%) -- Ticket Income $267,550
Level 3 -- Attendance: 2530 (69,83%) -- Ticket Income $75,900
Level 4 -- Attendance: 3780 (94,50%) -- Ticket Income $75,600
Luxury Box -- Attendance: 997 (86,70%) -- Ticket Income $129,610
Game was played at the Centre Bell.
Total Attendance: 18958 (89,12%)
Total Ticket Income: $1,052,660
Other Income: $263,165
Total Income: $1,315,825

CAROLINA Hurricanes

5 vs 5 Forward 
   Center                   Left Wing                Right Wing               Time % Phy DF OF 
 1 Mika Zibanejad           Elias Pettersson         Travis Konecny           40     1   2  2  
 2 Nazem Kadri              Brady Tkachuk            William Nylander         30     1   2  2  
 3 Lars Eller               Filip Forsberg           David Perron             20     1   2  2  
 4 Blake Lizotte            Noah Cates               Derek Ryan               10     1   2  2  

5 vs 5 Defense 
   Defense                  Defense                                           Time % Phy DF OF 
 1 Adam Fox                 Brandon Montour                                   45     1   2  2  
 2 Kris Letang              Devon Toews                                       35     1   2  2  
 3 Rasmus Ristolainen       Niko Mikkola                                      20     1   2  2  
 4 Adam Fox                 Brandon Montour                                   0      1   2  2  

PowerPlay Forward 
   Center                   Left Wing                Right Wing               Time % Phy DF OF 
 1 Mika Zibanejad           Elias Pettersson         William Nylander         80     1   2  2  
 2 Nazem Kadri              Brady Tkachuk            Travis Konecny           20     1   2  2  

PowerPlay Defense
   Defense                  Defense                                           Time % Phy DF OF 
 1 Adam Fox                 Brandon Montour                                   60     1   2  2  
 2 Kris Letang              Devon Toews                                       40     1   2  2  

Penalty Kill 4 Players Forward 
   Center                   Wing                     Time % Phy DF OF 
 1 Mika Zibanejad           Brady Tkachuk            60     1   2  2  
 2 Lars Eller               Derek Ryan               40     1   2  2  

Penalty Kill 4 Players Defense
   Defense                  Defense                  Time % Phy DF OF 
 1 Adam Fox                 Devon Toews              60     1   2  2  
 2 Kris Letang              Rasmus Ristolainen       40     1   2  2  

Penalty Kill - 3 Players Forward 
   Forward                                           Time % Phy DF OF 
 1 Lars Eller                                        60     1   2  2  
 2 Mika Zibanejad                                    40     1   2  2  

Penalty Kill - 3 Players Defense
   Defense                  Defense                  Time % Phy DF OF 
 1 Adam Fox                 Devon Toews              60     1   2  2  
 2 Kris Letang              Rasmus Ristolainen       40     1   2  2  

4 vs 4 Forward 
   Center                   Wing                     Time % Phy DF OF 
 1 Mika Zibanejad           William Nylander         60     1   2  2  
 2 Elias Pettersson         Filip Forsberg           40     1   2  2  

4 vs 4 Defense
   Defense                  Defense                  Time % Phy DF OF 
 1 Adam Fox                 Brandon Montour          60     1   2  2  
 2 Kris Letang              Devon Toews              40     1   2  2  

Last Minutes Offensive
   Center                   Left Wing                Right Wing               Defense                  Defense                  
   Mika Zibanejad           Brady Tkachuk            William Nylander         Adam Fox                 Brandon Montour          

Last Minutes Defensive
   Center                   Left Wing                Right Wing               Defense                  Defense                  
   Mika Zibanejad           Brady Tkachuk            William Nylander         Adam Fox                 Brandon Montour          

Goaltenders
Starting : Alexandar Georgiev       
Backup : Alex Lyon                

Extra Forwards
Normal : Nazem Kadri, David Perron, Travis Konecny - PP : Nazem Kadri, David Perron - PK : Nazem Kadri
Extra Defensemen
Normal : Devon Toews, Rasmus Ristolainen, Niko Mikkola - PP : Devon Toews - PK : Devon Toews, Rasmus Ristolainen
Penalty Shots
Mika Zibanejad, Elias Pettersson, William Nylander, Brady Tkachuk, Nazem Kadri

Scratches
Ryan Reaves (Healthy)

MONTREAL Canadiens

5 vs 5 Forward 
   Center                   Left Wing                Right Wing               Time % Phy DF OF 
 1 Pierre-Luc Dubois        Cole Caufield            Anthony Beauvillier      40     1   2  2  
 2 Phillip Danault          Zach Parise              Anthony Mantha           30     1   2  2  
 3 Nicolas Roy              Alexis Lafrenière        Michael Amadio           20     1   2  2  
 4 Joe Veleno               William Carrier          Arthur Kaliyev           10     1   2  2  

5 vs 5 Defense 
   Defense                  Defense                                           Time % Phy DF OF 
 1 Noah Dobson              Mike Matheson                                     40     1   2  2  
 2 David Savard             Marc-Edouard Vlasic                               40     1   2  2  
 3 Marco Scandella          Jeremy Lauzon                                     10     1   2  2  
 4 Noah Dobson              Mike Matheson                                     10     1   2  2  

PowerPlay Forward 
   Center                   Left Wing                Right Wing               Time % Phy DF OF 
 1 Pierre-Luc Dubois        Cole Caufield            Anthony Beauvillier      70     1   2  2  
 2 Phillip Danault          Zach Parise              Nicolas Roy              30     1   2  2  

PowerPlay Defense
   Defense                  Defense                                           Time % Phy DF OF 
 1 Noah Dobson              Mike Matheson                                     70     1   2  2  
 2 David Savard             Marc-Edouard Vlasic                               30     1   2  2  

Penalty Kill 4 Players Forward 
   Center                   Wing                     Time % Phy DF OF 
 1 Phillip Danault          Nicolas Roy              60     1   2  2  
 2 Joe Veleno               Anthony Beauvillier      40     1   2  2  

Penalty Kill 4 Players Defense
   Defense                  Defense                  Time % Phy DF OF 
 1 David Savard             Marc-Edouard Vlasic      60     1   2  2  
 2 Marco Scandella          Jeremy Lauzon            40     1   2  2  

Penalty Kill - 3 Players Forward 
   Forward                                           Time % Phy DF OF 
 1 Phillip Danault                                   60     1   2  2  
 2 Nicolas Roy                                       40     1   2  2  

Penalty Kill - 3 Players Defense
   Defense                  Defense                  Time % Phy DF OF 
 1 David Savard             Marc-Edouard Vlasic      60     1   2  2  
 2 Marco Scandella          Jeremy Lauzon            40     1   2  2  

4 vs 4 Forward 
   Center                   Wing                     Time % Phy DF OF 
 1 Pierre-Luc Dubois        Cole Caufield            60     1   2  2  
 2 Phillip Danault          Nicolas Roy              40     1   2  2  

4 vs 4 Defense
   Defense                  Defense                  Time % Phy DF OF 
 1 Noah Dobson              Mike Matheson            60     1   2  2  
 2 David Savard             Marc-Edouard Vlasic      40     1   2  2  

Last Minutes Offensive
   Center                   Left Wing                Right Wing               Defense                  Defense                  
   Pierre-Luc Dubois        Cole Caufield            Nicolas Roy              Noah Dobson              Mike Matheson            

Last Minutes Defensive
   Center                   Left Wing                Right Wing               Defense                  Defense                  
   Phillip Danault          Anthony Beauvillier      Nicolas Roy              David Savard             Marc-Edouard Vlasic      

Goaltenders
Starting : Jordan Binnington        
Backup : Petr Mrazek              

Extra Forwards
Normal : Alexis Lafrenière, Anthony Mantha, Zach Parise - PP : Cole Caufield, Michael Amadio - PK : Alexis Lafrenière
Extra Defensemen
Normal : Marco Scandella, Marc-Edouard Vlasic, David Savard - PP : Marco Scandella - PK : Marc-Edouard Vlasic, David Savard
Penalty Shots
Phillip Danault, Cole Caufield, Pierre-Luc Dubois, Anthony Beauvillier, Nicolas Roy

Scratches
Max Comtois (Healthy), Simon Benoit (Healthy), Luke Evangelista (Healthy)

% Time on Ice - CAROLINA Hurricanes

Lines # - Real PCT - Wanted PCT - Time Play
Normal Forward
1 - 34% - 40% - 12:08
2 - 25% - 30% - 8:48
3 - 25% - 20% - 9:00
4 - 16% - 10% - 5:47
Normal Defense
1 - 40% - 45% - 14:25
2 - 30% - 35% - 10:38
3 - 30% - 20% - 10:40
4 - 0% - 0% - 0:00
PP Forward
1 - 50% - 80% - 7:12
2 - 50% - 20% - 7:10
PP Defense
1 - 45% - 60% - 6:24
2 - 55% - 40% - 7:58
PK Forward
1 - 78% - 60% - 6:05
2 - 22% - 40% - 1:42
PK Defense
1 - 52% - 60% - 4:02
2 - 48% - 40% - 3:45
PK3 Forward
1 - 0% - 60%
2 - 0% - 40%
PK3 Defense
1 - 0% - 60%
2 - 0% - 40%
44 Forward
1 - 62% - 60% - 1:19
2 - 38% - 40% - 0:49
44 Defense
1 - 59% - 60% - 1:16
2 - 41% - 40% - 0:52
Last Minute Offensive  - 0:00
Last Minute Defensive  - 0:00
Total
Forward - 60:00
Defense - 60:00

% Time on Ice - MONTREAL Canadiens

Lines # - Real PCT - Wanted PCT - Time Play
Normal Forward
1 - 39% - 40% - 13:55
2 - 26% - 30% - 9:14
3 - 15% - 20% - 5:30
4 - 20% - 10% - 7:04
Normal Defense
1 - 36% - 40% - 12:43
2 - 33% - 40% - 11:44
3 - 30% - 10% - 10:38
4 - 2% - 10% - 0:38
PP Forward
1 - 49% - 70% - 3:50
2 - 51% - 30% - 3:57
PP Defense
1 - 58% - 70% - 4:30
2 - 42% - 30% - 3:17
PK Forward
1 - 71% - 60% - 10:10
2 - 29% - 40% - 4:12
PK Defense
1 - 47% - 60% - 6:45
2 - 53% - 40% - 7:37
PK3 Forward
1 - 0% - 60%
2 - 0% - 40%
PK3 Defense
1 - 0% - 60%
2 - 0% - 40%
44 Forward
1 - 75% - 60% - 1:36
2 - 25% - 40% - 0:32
44 Defense
1 - 61% - 60% - 1:18
2 - 39% - 40% - 0:50
Last Minute Offensive  - 0:00
Last Minute Defensive  - 0:00
Total
Forward - 60:00
Defense - 60:00

Play-by-Play

1st period


0:01 of 1st period - Anthony Beauvillier wins face-off versus Mika Zibanejad in neutral zone.
0:42 of 1st period - Shot by Mika Zibanejad.
0:42 of 1st period - Shot Blocked by Noah Dobson.
1:22 of 1st period - Shot by Phillip Danault.
1:22 of 1st period - Shot Blocked by Devon Toews.
1:24 of 1st period - Shot by Zach Parise.
1:24 of 1st period - Shot Misses the Net.
1:48 of 1st period - Shot by Brady Tkachuk.
1:48 of 1st period - Stopped by Jordan Binnington without a rebound.
1:49 of 1st period - Nicolas Roy wins face-off versus Lars Eller in MONTREAL Canadiens zone.
3:15 of 1st period - Shot by Mike Matheson.
3:15 of 1st period - Stopped by Alexandar Georgiev without a rebound.
3:16 of 1st period - Nazem Kadri wins face-off versus Pierre-Luc Dubois in CAROLINA Hurricanes zone.
3:26 of 1st period - Icing by William Nylander.
3:27 of 1st period - Brady Tkachuk wins face-off versus Phillip Danault in CAROLINA Hurricanes zone.
3:33 of 1st period - Brady Tkachuk is hit by David Savard and loses puck.
3:52 of 1st period - Shot by William Nylander.
3:52 of 1st period - Shot Misses the Net.
4:24 of 1st period - Shot by Mika Zibanejad.
4:24 of 1st period - Stopped by Jordan Binnington without a rebound.
4:25 of 1st period - Mika Zibanejad wins face-off versus Pierre-Luc Dubois in MONTREAL Canadiens zone.
4:46 of 1st period - Shot by Elias Pettersson.
4:46 of 1st period - Stopped by Jordan Binnington without a rebound.
4:47 of 1st period - Filip Forsberg wins face-off versus Nicolas Roy in MONTREAL Canadiens zone.
4:49 of 1st period - David Perron is hit by Jeremy Lauzon and loses puck.
5:54 of 1st period - Shot by Pierre-Luc Dubois.
5:54 of 1st period - Shot Misses the Net.
6:54 of 1st period - Shot by Elias Pettersson.
6:54 of 1st period - Shot Misses the Net.
6:56 of 1st period - Shot by Mika Zibanejad.
6:56 of 1st period - Shot Blocked by David Savard.
6:58 of 1st period - Shot by Mika Zibanejad.
6:58 of 1st period - Deflect By Travis Konecny.
6:58 of 1st period - Stopped by Jordan Binnington with a rebound.
7:00 of 1st period - Shot by Mika Zibanejad.
7:00 of 1st period - Shot Blocked by Marc-Edouard Vlasic.
7:04 of 1st period - Shot by Mika Zibanejad.
7:04 of 1st period - Shot Misses the Net.
7:06 of 1st period - Shot by Mika Zibanejad.
7:06 of 1st period - Stopped by Jordan Binnington without a rebound.
7:07 of 1st period - Nazem Kadri wins face-off versus Arthur Kaliyev in MONTREAL Canadiens zone.
8:11 of 1st period - Shot by Travis Konecny.
8:11 of 1st period - Deflect By Elias Pettersson.
8:11 of 1st period - Shot Misses the Net.
9:01 of 1st period - Anthony Beauvillier is hit by Kris Letang and loses puck.
9:06 of 1st period - Shot by Pierre-Luc Dubois.
9:06 of 1st period - Shot Blocked by Kris Letang.
9:39 of 1st period - Icing by Kris Letang.
9:40 of 1st period - Blake Lizotte wins face-off versus Nicolas Roy in CAROLINA Hurricanes zone.
9:40 of 1st period - Blake Lizotte is hit by Nicolas Roy.
10:27 of 1st period - Noah Cates is hit by Zach Parise and loses puck.
10:36 of 1st period - Shot by Anthony Mantha.
10:36 of 1st period - Stopped by Alexandar Georgiev without a rebound.
10:37 of 1st period - Pierre-Luc Dubois wins face-off versus Mika Zibanejad in CAROLINA Hurricanes zone.
10:38 of 1st period - Shot by Anthony Beauvillier.
10:38 of 1st period - Deflect By Pierre-Luc Dubois.
10:38 of 1st period - Stopped by Alexandar Georgiev with a rebound.
10:40 of 1st period - Shot by Jeremy Lauzon.
10:40 of 1st period - Shot Blocked by Adam Fox.
11:08 of 1st period - Shot by Elias Pettersson.
11:08 of 1st period - Stopped by Jordan Binnington without a rebound.
11:09 of 1st period - Nazem Kadri wins face-off versus Phillip Danault in MONTREAL Canadiens zone.
11:09 of 1st period - Nazem Kadri is hit by Mike Matheson.
11:44 of 1st period - Shot by William Nylander.
11:44 of 1st period - Shot Misses the Net.
11:46 of 1st period - Shot by Brady Tkachuk.
11:46 of 1st period - Stopped by Jordan Binnington with a rebound.
11:48 of 1st period - Shot by Rasmus Ristolainen.
11:48 of 1st period - Stopped by Jordan Binnington without a rebound.
11:49 of 1st period - Mika Zibanejad wins face-off versus Pierre-Luc Dubois in MONTREAL Canadiens zone.
12:05 of 1st period - Shot by Cole Caufield.
12:05 of 1st period - Shot Blocked by Adam Fox.
12:07 of 1st period - Shot by David Savard.
12:07 of 1st period - Shot Misses the Net.
12:22 of 1st period - Anthony Beauvillier is hit by Adam Fox.
12:24 of 1st period - Shot by Pierre-Luc Dubois.
12:24 of 1st period - Shot Misses the Net.
12:26 of 1st period - Shot by Anthony Beauvillier.
12:26 of 1st period - Shot Blocked by Adam Fox.
12:28 of 1st period - Shot by Marc-Edouard Vlasic.
12:28 of 1st period - Shot Misses the Net.
12:45 of 1st period - Michael Amadio is hit by Brandon Montour and loses puck.
13:05 of 1st period - Off-side.
13:06 of 1st period - Nazem Kadri wins face-off versus Anthony Mantha in neutral zone.
13:06 of 1st period - Nazem Kadri is hit by Anthony Mantha.
13:51 of 1st period - Minor Penalty to Mike Matheson for Cross-checking.
13:52 of 1st period - Mika Zibanejad wins face-off versus Phillip Danault in MONTREAL Canadiens zone.
14:12 of 1st period - Shot by Adam Fox.
14:12 of 1st period - Deflect By Elias Pettersson.
14:12 of 1st period - Stopped by Jordan Binnington without a rebound.
14:13 of 1st period - Nazem Kadri wins face-off versus Alexis Lafrenière in MONTREAL Canadiens zone.
15:03 of 1st period - Icing by Travis Konecny.
15:04 of 1st period - Joe Veleno wins face-off versus Nazem Kadri in CAROLINA Hurricanes zone.
15:27 of 1st period - Shot by Elias Pettersson.
15:27 of 1st period - Stopped by Jordan Binnington with a rebound.
15:50 of 1st period - Shot by Adam Fox.
15:50 of 1st period - Deflect By Elias Pettersson.
15:50 of 1st period - Shot Misses the Net.
16:08 of 1st period - Shot by Alexis Lafrenière.
16:08 of 1st period - Stopped by Alexandar Georgiev without a rebound.
16:09 of 1st period - Blake Lizotte wins face-off versus Pierre-Luc Dubois in CAROLINA Hurricanes zone.
16:09 of 1st period - Blake Lizotte is hit by Pierre-Luc Dubois.
16:12 of 1st period - Noah Cates is hit by Pierre-Luc Dubois and loses puck.
16:19 of 1st period - Shot by Cole Caufield.
16:19 of 1st period - Stopped by Alexandar Georgiev without a rebound.
16:20 of 1st period - Lars Eller wins face-off versus Joe Veleno in CAROLINA Hurricanes zone.
16:22 of 1st period - Icing by David Perron.
16:23 of 1st period - Lars Eller wins face-off versus Pierre-Luc Dubois in CAROLINA Hurricanes zone.
16:46 of 1st period - Shot by Lars Eller.
16:46 of 1st period - Stopped by Jordan Binnington without a rebound.
16:47 of 1st period - Phillip Danault wins face-off versus Mika Zibanejad in MONTREAL Canadiens zone.
17:17 of 1st period - Minor Penalty to Noah Dobson for Roughing.
17:17 of 1st period - Minor Penalty to Travis Konecny for Tripping.
17:18 of 1st period - Mika Zibanejad wins face-off versus Pierre-Luc Dubois in MONTREAL Canadiens zone.
17:35 of 1st period - Shot by Pierre-Luc Dubois.
17:35 of 1st period - Stopped by Alexandar Georgiev without a rebound.
17:36 of 1st period - Pierre-Luc Dubois wins face-off versus Mika Zibanejad in CAROLINA Hurricanes zone.
19:38 of 1st period - Joe Veleno is hit by Niko Mikkola and loses puck.
19:46 of 1st period - Icing by Rasmus Ristolainen.
19:47 of 1st period - Blake Lizotte wins face-off versus Phillip Danault in CAROLINA Hurricanes zone.
19:49 of 1st period - Icing by Derek Ryan.
19:50 of 1st period - Blake Lizotte wins face-off versus Nicolas Roy in CAROLINA Hurricanes zone.
19:50 of 1st period - Blake Lizotte is hit by Nicolas Roy.
Goals for this period are 0 for CAROLINA Hurricanes vs 0 for MONTREAL Canadiens.
Shots for this period are 11 for CAROLINA Hurricanes vs 6 for MONTREAL Canadiens.

2nd period


0:01 of 2nd period - Pierre-Luc Dubois wins face-off versus Mika Zibanejad in neutral zone.
0:19 of 2nd period - Mika Zibanejad is hit by David Savard and loses puck.
0:38 of 2nd period - Shot by Elias Pettersson.
0:38 of 2nd period - Stopped by Jordan Binnington without a rebound.
0:39 of 2nd period - Nazem Kadri wins face-off versus Nicolas Roy in MONTREAL Canadiens zone.
0:50 of 2nd period - Shot by William Nylander.
0:50 of 2nd period - Shot Misses the Net.
1:21 of 2nd period - Shot by Nicolas Roy.
1:21 of 2nd period - Stopped by Alexandar Georgiev without a rebound.
1:22 of 2nd period - Pierre-Luc Dubois wins face-off versus Mika Zibanejad in CAROLINA Hurricanes zone.
1:31 of 2nd period - Shot by Mika Zibanejad.
1:31 of 2nd period - Shot Hit the Post.
1:33 of 2nd period - Shot by Mika Zibanejad.
1:33 of 2nd period - Shot Misses the Net.
1:35 of 2nd period - Shot by Mika Zibanejad.
1:35 of 2nd period - Shot Misses the Net.
1:37 of 2nd period - Shot by Mika Zibanejad.
1:37 of 2nd period - Shot Misses the Net.
1:39 of 2nd period - Shot by Elias Pettersson.
1:39 of 2nd period - Stopped by Jordan Binnington with a rebound.
2:30 of 2nd period - Shot by Filip Forsberg.
2:30 of 2nd period - Shot Misses the Net.
2:33 of 2nd period - Icing by Jeremy Lauzon.
2:34 of 2nd period - Phillip Danault wins face-off versus Nazem Kadri in MONTREAL Canadiens zone.
3:53 of 2nd period - Shot by Brandon Montour.
3:53 of 2nd period - Shot Misses the Net.
3:57 of 2nd period - Shot by Lars Eller.
3:57 of 2nd period - Goal by Lars Eller - CAROLINA Hurricanes : 1 - MONTREAL Canadiens : 0.
3:58 of 2nd period - Pierre-Luc Dubois wins face-off versus Mika Zibanejad in neutral zone.
4:30 of 2nd period - Shot by Travis Konecny.
4:30 of 2nd period - Shot Misses the Net.
5:23 of 2nd period - Minor Penalty to Jeremy Lauzon for Roughing.
5:24 of 2nd period - Phillip Danault wins face-off versus Nazem Kadri in MONTREAL Canadiens zone.
5:45 of 2nd period - Shot by Brady Tkachuk.
5:45 of 2nd period - Deflect By Nazem Kadri.
5:45 of 2nd period - Stopped by Jordan Binnington without a rebound.
5:46 of 2nd period - Mika Zibanejad wins face-off versus Phillip Danault in MONTREAL Canadiens zone.
5:46 of 2nd period - Mika Zibanejad is hit by David Savard.
5:55 of 2nd period - Elias Pettersson is hit by David Savard and loses puck.
5:58 of 2nd period - Shot by Adam Fox.
5:58 of 2nd period - Stopped by Jordan Binnington without a rebound.
5:59 of 2nd period - Travis Konecny wins face-off versus Phillip Danault in MONTREAL Canadiens zone.
6:00 of 2nd period - Shot by Brandon Montour.
6:00 of 2nd period - Goal by Brandon Montour - CAROLINA Hurricanes : 2 - MONTREAL Canadiens : 0.
6:01 of 2nd period - Pierre-Luc Dubois wins face-off versus Nazem Kadri in neutral zone.
6:09 of 2nd period - Anthony Beauvillier is hit by Brandon Montour and loses puck.
6:29 of 2nd period - Shot by Brady Tkachuk.
6:29 of 2nd period - Goal by Brady Tkachuk - CAROLINA Hurricanes : 3 - MONTREAL Canadiens : 0.
6:30 of 2nd period - Nicolas Roy wins face-off versus Mika Zibanejad in neutral zone.
6:40 of 2nd period - Off-side.
6:41 of 2nd period - Phillip Danault wins face-off versus David Perron in neutral zone.
6:57 of 2nd period - Shot by Anthony Mantha.
6:57 of 2nd period - Shot Misses the Net.
7:01 of 2nd period - Shot by Phillip Danault.
7:01 of 2nd period - Goal by Phillip Danault - CAROLINA Hurricanes : 3 - MONTREAL Canadiens : 1.
7:02 of 2nd period - Pierre-Luc Dubois wins face-off versus Elias Pettersson in neutral zone.
8:06 of 2nd period - Nazem Kadri is hit by Phillip Danault and loses puck.
8:07 of 2nd period - Minor Penalty to Zach Parise for Roughing.
8:08 of 2nd period - Phillip Danault wins face-off versus Travis Konecny in MONTREAL Canadiens zone.
9:14 of 2nd period - Shot by William Nylander.
9:14 of 2nd period - Shot Blocked by David Savard.
9:16 of 2nd period - Shot by Adam Fox.
9:16 of 2nd period - Shot Misses the Net.
11:08 of 2nd period - David Perron is hit by Jeremy Lauzon and loses puck.
11:28 of 2nd period - Icing by Lars Eller.
11:29 of 2nd period - Nicolas Roy wins face-off versus Lars Eller in CAROLINA Hurricanes zone.
11:38 of 2nd period - Shot by Nicolas Roy.
11:38 of 2nd period - Shot Misses the Net.
11:40 of 2nd period - Shot by Alexis Lafrenière.
11:40 of 2nd period - Stopped by Alexandar Georgiev without a rebound.
11:41 of 2nd period - Phillip Danault wins face-off versus Mika Zibanejad in CAROLINA Hurricanes zone.
11:49 of 2nd period - Icing by Devon Toews.
11:50 of 2nd period - Mika Zibanejad wins face-off versus Phillip Danault in CAROLINA Hurricanes zone.
11:50 of 2nd period - Mika Zibanejad is hit by Phillip Danault.
11:55 of 2nd period - Minor Penalty to Phillip Danault for Holding Stick.
11:56 of 2nd period - Mika Zibanejad wins face-off versus Alexis Lafrenière in MONTREAL Canadiens zone.
12:05 of 2nd period - Shot by Elias Pettersson.
12:05 of 2nd period - Stopped by Jordan Binnington with a rebound.
12:37 of 2nd period - Shot by Adam Fox.
12:37 of 2nd period - Stopped by Jordan Binnington without a rebound.
12:38 of 2nd period - Joe Veleno wins face-off versus Nazem Kadri in MONTREAL Canadiens zone.
12:38 of 2nd period - Joe Veleno is hit by Travis Konecny.
12:51 of 2nd period - Shot by Nazem Kadri.
12:51 of 2nd period - Shot Misses the Net.
13:27 of 2nd period - Alexis Lafrenière is hit by Travis Konecny and loses puck.
13:45 of 2nd period - Minor Penalty to Mika Zibanejad for Interference.
13:46 of 2nd period - Pierre-Luc Dubois wins face-off versus David Perron in CAROLINA Hurricanes zone.
14:03 of 2nd period - Shot by Anthony Beauvillier.
14:03 of 2nd period - Shot Misses the Net.
14:21 of 2nd period - Shot by Mike Matheson.
14:21 of 2nd period - Shot Misses the Net.
15:24 of 2nd period - Adam Fox is hit by Cole Caufield.
15:28 of 2nd period - Shot by Pierre-Luc Dubois.
15:28 of 2nd period - Shot Misses the Net.
15:50 of 2nd period - Shot by Travis Konecny.
15:50 of 2nd period - Stopped by Jordan Binnington without a rebound.
15:51 of 2nd period - Mika Zibanejad wins face-off versus Joe Veleno in MONTREAL Canadiens zone.
16:08 of 2nd period - Shot by Travis Konecny.
16:08 of 2nd period - Stopped by Jordan Binnington with a rebound.
16:22 of 2nd period - Shot by Elias Pettersson.
16:22 of 2nd period - Stopped by Jordan Binnington with a rebound.
16:30 of 2nd period - Shot by Elias Pettersson.
16:30 of 2nd period - Stopped by Jordan Binnington with a rebound.
16:32 of 2nd period - Shot by Travis Konecny.
16:32 of 2nd period - Shot Misses the Net.
16:44 of 2nd period - Icing by Jeremy Lauzon.
16:45 of 2nd period - Joe Veleno wins face-off versus Nazem Kadri in MONTREAL Canadiens zone.
16:49 of 2nd period - Jeremy Lauzon is hit by Devon Toews and loses puck.
17:00 of 2nd period - Shot by Brady Tkachuk.
17:00 of 2nd period - Shot Misses the Net.
17:02 of 2nd period - Shot by William Nylander.
17:02 of 2nd period - Goal by William Nylander - CAROLINA Hurricanes : 4 - MONTREAL Canadiens : 1.
17:03 of 2nd period - Blake Lizotte wins face-off versus Pierre-Luc Dubois in neutral zone.
17:08 of 2nd period - Shot by Noah Cates.
17:08 of 2nd period - Shot Misses the Net.
17:13 of 2nd period - Icing by Pierre-Luc Dubois.
17:14 of 2nd period - Cole Caufield wins face-off versus Mika Zibanejad in MONTREAL Canadiens zone.
17:22 of 2nd period - Icing by Adam Fox.
17:23 of 2nd period - Mika Zibanejad wins face-off versus Phillip Danault in CAROLINA Hurricanes zone.
17:23 of 2nd period - Mika Zibanejad is hit by Phillip Danault.
17:31 of 2nd period - Minor Penalty to Noah Dobson for Interference.
17:32 of 2nd period - Mika Zibanejad wins face-off versus Phillip Danault in MONTREAL Canadiens zone.
17:33 of 2nd period - Shot by Adam Fox.
17:33 of 2nd period - Stopped by Jordan Binnington with a rebound.
17:39 of 2nd period - Shot by Adam Fox.
17:39 of 2nd period - Stopped by Jordan Binnington without a rebound.
17:40 of 2nd period - Mika Zibanejad wins face-off versus Phillip Danault in MONTREAL Canadiens zone.
18:37 of 2nd period - Icing by Kris Letang.
18:38 of 2nd period - Nicolas Roy wins face-off versus Nazem Kadri in CAROLINA Hurricanes zone.
18:50 of 2nd period - Icing by Travis Konecny.
18:51 of 2nd period - Nazem Kadri wins face-off versus Phillip Danault in CAROLINA Hurricanes zone.
19:20 of 2nd period - Shot by Devon Toews.
19:20 of 2nd period - Stopped by Jordan Binnington without a rebound.
19:21 of 2nd period - Mika Zibanejad wins face-off versus Phillip Danault in MONTREAL Canadiens zone.
19:32 of 2nd period - Shot by Mika Zibanejad.
19:32 of 2nd period - Deflect By David Perron.
19:32 of 2nd period - Shot Misses the Net.
19:40 of 2nd period - Shot by David Perron.
19:40 of 2nd period - Shot Misses the Net.
19:56 of 2nd period - Shot by Pierre-Luc Dubois.
19:56 of 2nd period - Shot Misses the Net.
Goals for this period are 4 for CAROLINA Hurricanes vs 1 for MONTREAL Canadiens.
Shots for this period are 17 for CAROLINA Hurricanes vs 3 for MONTREAL Canadiens.

3rd period


0:01 of 3rd period - Elias Pettersson wins face-off versus Pierre-Luc Dubois in neutral zone.
0:21 of 3rd period - Minor Penalty to Elias Pettersson for High sticking.
0:22 of 3rd period - Mika Zibanejad wins face-off versus Phillip Danault in CAROLINA Hurricanes zone.
0:43 of 3rd period - Mika Zibanejad is hit by Zach Parise and loses puck.
1:16 of 3rd period - Shot by Anthony Beauvillier.
1:16 of 3rd period - Stopped by Alexandar Georgiev without a rebound.
1:17 of 3rd period - Pierre-Luc Dubois wins face-off versus Lars Eller in CAROLINA Hurricanes zone.
1:34 of 3rd period - Shot by Cole Caufield.
1:34 of 3rd period - Shot Hit the Post.
1:36 of 3rd period - Shot by Cole Caufield.
1:36 of 3rd period - Shot Misses the Net.
1:38 of 3rd period - Shot by David Savard.
1:38 of 3rd period - Shot Misses the Net.
1:40 of 3rd period - Shot by Cole Caufield.
1:40 of 3rd period - Stopped by Alexandar Georgiev without a rebound.
1:41 of 3rd period - Pierre-Luc Dubois wins face-off versus Mika Zibanejad in CAROLINA Hurricanes zone.
1:42 of 3rd period - Shot by Noah Dobson.
1:42 of 3rd period - Shot Blocked by Kris Letang.
1:44 of 3rd period - Shot by Noah Dobson.
1:44 of 3rd period - Stopped by Alexandar Georgiev without a rebound.
1:45 of 3rd period - Mika Zibanejad wins face-off versus Zach Parise in CAROLINA Hurricanes zone.
2:04 of 3rd period - Shot by Noah Dobson.
2:04 of 3rd period - Stopped by Alexandar Georgiev without a rebound.
2:05 of 3rd period - Pierre-Luc Dubois wins face-off versus Lars Eller in CAROLINA Hurricanes zone.
2:46 of 3rd period - Shot by Joe Veleno.
2:46 of 3rd period - Stopped by Alexandar Georgiev without a rebound.
2:47 of 3rd period - Nazem Kadri wins face-off versus Pierre-Luc Dubois in CAROLINA Hurricanes zone.
2:47 of 3rd period - Brandon Montour is hit by Pierre-Luc Dubois and loses puck.
3:01 of 3rd period - Shot by Nazem Kadri.
3:01 of 3rd period - Shot Blocked by Marc-Edouard Vlasic.
3:09 of 3rd period - Minor Penalty to David Savard for Slashing.
3:10 of 3rd period - Phillip Danault wins face-off versus Mika Zibanejad in MONTREAL Canadiens zone.
3:10 of 3rd period - Phillip Danault is hit by William Nylander.
4:33 of 3rd period - Shot by Brady Tkachuk.
4:33 of 3rd period - Stopped by Jordan Binnington without a rebound.
4:34 of 3rd period - Phillip Danault wins face-off versus Nazem Kadri in MONTREAL Canadiens zone.
6:53 of 3rd period - David Savard is hit by Brandon Montour and loses puck.
6:58 of 3rd period - Shot by Joe Veleno.
6:58 of 3rd period - Shot Blocked by Adam Fox.
7:00 of 3rd period - Shot by Joe Veleno.
7:00 of 3rd period - Stopped by Alexandar Georgiev without a rebound.
7:01 of 3rd period - Phillip Danault wins face-off versus Nazem Kadri in CAROLINA Hurricanes zone.
7:22 of 3rd period - Shot by Nazem Kadri.
7:22 of 3rd period - Stopped by Jordan Binnington without a rebound.
7:23 of 3rd period - Alexis Lafrenière wins face-off versus Mika Zibanejad in MONTREAL Canadiens zone.
7:30 of 3rd period - Shot by Nicolas Roy.
7:30 of 3rd period - Shot Blocked by Mika Zibanejad.
7:32 of 3rd period - Shot by Michael Amadio.
7:32 of 3rd period - Deflect By Alexis Lafrenière.
7:32 of 3rd period - Goal by Alexis Lafrenière - CAROLINA Hurricanes : 4 - MONTREAL Canadiens : 2.
7:33 of 3rd period - Nazem Kadri wins face-off versus Phillip Danault in neutral zone.
7:58 of 3rd period - Jeremy Lauzon is hit by Nazem Kadri and loses puck.
8:54 of 3rd period - Pierre-Luc Dubois is hit by Adam Fox and loses puck.
9:16 of 3rd period - Shot by Elias Pettersson.
9:16 of 3rd period - Goal by Elias Pettersson - CAROLINA Hurricanes : 5 - MONTREAL Canadiens : 2.
9:17 of 3rd period - Lars Eller wins face-off versus Nicolas Roy in neutral zone.
9:34 of 3rd period - Niko Mikkola is hit by Mike Matheson and loses puck.
9:36 of 3rd period - Minor Penalty to Filip Forsberg for Holding.
9:37 of 3rd period - Mika Zibanejad wins face-off versus Phillip Danault in CAROLINA Hurricanes zone.
10:45 of 3rd period - Kris Letang is hit by Anthony Beauvillier and loses puck.
11:26 of 3rd period - Shot by Noah Dobson.
11:26 of 3rd period - Stopped by Alexandar Georgiev without a rebound.
11:27 of 3rd period - Lars Eller wins face-off versus Phillip Danault in CAROLINA Hurricanes zone.
12:06 of 3rd period - Shot by Lars Eller.
12:06 of 3rd period - Shot Misses the Net.
12:11 of 3rd period - Double Minor Penalty to Jeremy Lauzon for Roughing.
12:12 of 3rd period - Mika Zibanejad wins face-off versus Phillip Danault in MONTREAL Canadiens zone.
12:46 of 3rd period - Shot by Elias Pettersson.
12:46 of 3rd period - Shot Misses the Net.
12:53 of 3rd period - Icing by William Nylander.
12:54 of 3rd period - Mika Zibanejad wins face-off versus Nicolas Roy in CAROLINA Hurricanes zone.
12:54 of 3rd period - Mika Zibanejad is hit by Nicolas Roy.
13:13 of 3rd period - Icing by Adam Fox.
13:14 of 3rd period - Nazem Kadri wins face-off versus Nicolas Roy in CAROLINA Hurricanes zone.
13:18 of 3rd period - Off-side.
13:19 of 3rd period - Nazem Kadri wins face-off versus Nicolas Roy in neutral zone.
13:24 of 3rd period - Shot by Brady Tkachuk.
13:24 of 3rd period - Stopped by Jordan Binnington without a rebound.
13:25 of 3rd period - Phillip Danault wins face-off versus Nazem Kadri in MONTREAL Canadiens zone.
13:34 of 3rd period - Adam Fox is hit by Nicolas Roy and loses puck.
14:01 of 3rd period - Shot by Adam Fox.
14:01 of 3rd period - Shot Blocked by Marc-Edouard Vlasic.
14:03 of 3rd period - Shot by Adam Fox.
14:03 of 3rd period - Shot Misses the Net.
14:05 of 3rd period - Shot by Brandon Montour.
14:05 of 3rd period - Stopped by Jordan Binnington without a rebound.
14:06 of 3rd period - Joe Veleno wins face-off versus Mika Zibanejad in MONTREAL Canadiens zone.
14:06 of 3rd period - Joe Veleno is hit by William Nylander.
14:33 of 3rd period - Icing by Mika Zibanejad.
14:34 of 3rd period - Phillip Danault wins face-off versus Mika Zibanejad in CAROLINA Hurricanes zone.
14:43 of 3rd period - Shot by Nicolas Roy.
14:43 of 3rd period - Shot Misses the Net.
15:11 of 3rd period - Shot by Brandon Montour.
15:11 of 3rd period - Stopped by Jordan Binnington without a rebound.
15:12 of 3rd period - Joe Veleno wins face-off versus Nazem Kadri in MONTREAL Canadiens zone.
15:12 of 3rd period - Joe Veleno is hit by Brady Tkachuk.
15:45 of 3rd period - Shot by Nazem Kadri.
15:45 of 3rd period - Stopped by Jordan Binnington without a rebound.
15:46 of 3rd period - Mika Zibanejad wins face-off versus Phillip Danault in MONTREAL Canadiens zone.
15:53 of 3rd period - Shot by Mika Zibanejad.
15:53 of 3rd period - Shot Blocked by David Savard.
16:16 of 3rd period - Minor Penalty to David Perron for Delaying the game.
16:17 of 3rd period - Pierre-Luc Dubois wins face-off versus Mika Zibanejad in CAROLINA Hurricanes zone.
17:12 of 3rd period - Noah Dobson is hit by Kris Letang and loses puck.
17:27 of 3rd period - Shot by David Savard.
17:27 of 3rd period - Stopped by Alexandar Georgiev without a rebound.
17:28 of 3rd period - Phillip Danault wins face-off versus Lars Eller in CAROLINA Hurricanes zone.
17:47 of 3rd period - Rasmus Ristolainen is hit by Phillip Danault and loses puck.
18:10 of 3rd period - Shot by Marc-Edouard Vlasic.
18:10 of 3rd period - Shot Blocked by Kris Letang.
18:37 of 3rd period - Icing by Marco Scandella.
18:38 of 3rd period - Joe Veleno wins face-off versus Blake Lizotte in MONTREAL Canadiens zone.
18:50 of 3rd period - William Carrier is hit by Brandon Montour and loses puck.
19:08 of 3rd period - William Carrier is hit by Brandon Montour.
19:44 of 3rd period - Shot by Lars Eller.
19:44 of 3rd period - Stopped by Jordan Binnington without a rebound.
19:45 of 3rd period - Mika Zibanejad wins face-off versus Phillip Danault in MONTREAL Canadiens zone.
Goals for this period are 1 for CAROLINA Hurricanes vs 1 for MONTREAL Canadiens.
Shots for this period are 8 for CAROLINA Hurricanes vs 9 for MONTREAL Canadiens. Output by the SimonT Hockey Simulator (STHS) for Martin Benoit - Original Page W3C HTML5 Valid
Hockey Simulator - Hockey Simulation - Hockey Manager